 Dungeon Crawl Stone Soup version 0.23.0 (webtiles) character file.

Game seed: 2369088172501133303

25347 doot the Impaler (level 13, -1/104 HPs)
             Began as a Merfolk Abyssal Knight on Feb 12, 2019.
             Was the Champion of Lugonu.
             Slain by an orc knight
             ... wielding a +0 great sword
              (20 damage)
             ... on level 2 of the Orcish Mines.
             The game lasted 00:46:00 (19623 turns).

doot the Impaler (Merfolk Abyssal Knight)          Turns: 19623, Time: 00:46:00

Health: -1/104     AC: 14    Str: 18    XL:     13   Next: 19%
Magic:  17/20      EV: 17    Int: 19    God:    Lugonu [******]
Gold:   1056       SH:  0    Dex: 17    Spells: 6/12 levels left

rFire    . . .     SeeInvis .   N - +12 halberd of the Viper {flame, *Drain +Blink Str+4 Dex+3}
rCold    . . .     Gourm    .   (shield currently unavailable)
rNeg     . . .     Faith    +   y - +1 ring mail of Salvation {Int+5}
rPois    .         Spirit   .   p - +2 helmet
rElec    .         Reflect  .   l - +0 cloak
rCorr    +         Harm     .   M - +0 pair of gloves
MR       .....     Rnd*Rage +   m - +0 pair of boots
Stlth    +++.......             I - amulet of faith
HPRegen  0.27/turn              B - ring of resist corrosion
MPRegen  0.17/turn              (no ring)

@: slowed, very slow
A: change form in water, swift swim, stealthy swim, berserk 1
a: Depart the Abyss, Bend Space, Banish, Corrupt, Enter the Abyss, Brand Weapon
With Distortion, Renounce Religion, Evoke Blink


You were on level 2 of the Orcish Mines.
You worshipped Lugonu.
Lugonu was exalted by your worship.
You were hungry.

You visited 4 branches of the dungeon, and saw 16 of its levels.
You visited the Abyss 1 time.

You collected 1353 gold pieces.
You spent 297 gold pieces at shops.

Inventory:

Hand Weapons
 a - a +1 spear
 q - a +0 scythe
 t - the +6 hand axe of Honesty {vamp, rF+ rN+ Stlth+, unknown}
   (You found it on level 7 of the Dungeon)

   It inflicts no extra harm, but heals its wielder when it wounds a living foe.
   It protects you from fire.
   It protects you from negative energy.
   It makes you more stealthy.
 v - the +7 trident "Qopeuw" {freeze, *Contam rN+ Str+7}
   (You took it off an orc on level 4 of the Dungeon)

   It has been specially enchanted to freeze those struck by it, causing extra
   injury to most foes and up to half again as much damage against particularly
   susceptible opponents.
   It can also slow down cold-blooded creatures.
   It affects your strength (+7).
   It protects you from negative energy.
   It causes magical contamination when unequipped.
 N - the +12 halberd of the Viper (weapon) {flame, *Drain +Blink Str+4 Dex+3}
   (You bought it in a shop on level 2 of the Orcish Mines)

   It has been specially enchanted to burn those struck by it, causing extra
   injury to most foes and up to half again as much damage against particularly
   susceptible opponents.
   Big, fiery blades are also staple armaments of hydra-hunters.
   It affects your strength (+4).
   It affects your dexterity (+3).
   It lets you blink.
   It causes draining when unequipped.
 Q - a +3 antimagic glaive
Armour
 b - a +0 leather armour
 i - a +1 robe of magic resistance
 l - a +0 cloak (worn)
 m - a +0 pair of boots (worn)
 p - a +2 helmet (worn)
 y - the +1 ring mail of Salvation (worn) {Int+5}
   (You found it on level 7 of the Dungeon)

   It affects your intelligence (+5).
 C - the -5 helmet of the Falcon {rC+ MP+9 Slay+3 Stlth-}
   (You found it on level 8 of the Dungeon)

   It affects your accuracy and damage with ranged weapons and melee attacks
   (+3).
   It protects you from cold.
   It affects your magic capacity (+9).
   It makes you less stealthy.
 M - a +0 pair of gloves (worn)
Magical Staves
 H - an uncursed staff of power {unknown}
Jewellery
 B - a ring of resist corrosion (left hand)
 I - an amulet of faith (around neck)
Wands
 A - a wand of enslavement (5)
 D - a wand of paralysis (6)
 E - a wand of flame (14)
 F - a wand of scattershot (4)
 O - a wand of iceblast (6)
Scrolls
 e - 10 scrolls of teleportation
 f - 3 scrolls of magic mapping {unknown}
 g - 6 scrolls of identify
 h - 6 scrolls of amnesia
 j - 2 scrolls of noise {unknown}
 k - 6 scrolls of remove curse
 n - 3 scrolls of enchant armour {unknown}
 o - 2 scrolls of immolation {unknown}
 w - 2 scrolls of enchant weapon {unknown}
 x - 2 scrolls of fog {unknown}
 G - a scroll of brand weapon {unknown}
 K - 2 scrolls of blinking {unknown}
 L - a scroll of random uselessness {unknown}
Potions
 d - 2 potions of curing
 r - 3 potions of lignification
 s - 4 potions of flight
 u - a potion of ambrosia
 z - a potion of might
 P - a potion of brilliance
Comestibles
 c - 30 rations
 R - 4 chunks of flesh


   Skills:
 + Level 10.6 Fighting
 + Level 15.4 Polearms
 + Level 5.6 Armour
 + Level 9.5 Dodging
 + Level 6.0 Stealth
 * Level 6.8 Conjurations
 + Level 10.0 Invocations


You had 6 spell levels left.
You knew the following spells:

 Your Spells              Type           Power        Failure   Level  Hunger
a - Poison Arrow          Conj/Pois      ##........   100%        6    #######

Your spell library contained the following spells:

 Spells                   Type           Power        Failure   Level  Hunger
 Confusing Touch          Hex            #.....       34%         1    ##.....
 Confuse                  Hex            #.......     71%         3    ####...
 Gell's Gravitas          Tloc           #.........   71%         3    ####...
 Petrify                  Tmut/Erth      #.......     98%         4    #####..
 Metabolic Englaciation   Hex/Ice        #.........   100%        5    ######.
 Yara's Violent Unravell  Hex/Tmut       #.........   100%        5    ######.
 Chain Lightning          Conj/Air       ##........   100%        8    #######
 Lehudib's Crystal Spear  Conj/Erth      ##........   100%        8    #######
 Fire Storm               Conj/Fire      ##........   100%        9    #######
 Glaciate                 Conj/Ice       ##........   100%        9    #######


Dungeon Overview and Level Annotations

Branches:
Dungeon (11/15)            Temple (1/1) D:4            Lair (3/6) D:11
 Shoals (0/4) Lair:3          Orc (2/2) D:11            Elf (0/3) Orc:2
  Snake: Lair:2-4    Spider: Lair:2-4

Altars:
Ashenzari
Cheibriados
Dithmenos
Elyvilon
Fedhas
Gozag
Hepliaklqana
Kikubaaqudgha
Makhleb
Nemelex Xobeh
Okawaru
Qazlal
Ru
Sif Muna
Trog
Uskayaw
Vehumet
Wu Jian
Xom
Yredelemnul
Zin
The Shining One

Shops:
D:5 %   Orc:2 (

Annotations:
D:11 2 runed translucent doors
Lair:1 2 runed translucent doors, Rhok's ghost, journeyman MfTm
Lair:3 1 runed translucent door, Loywebes's ghost, journeyman MiFi
Abyss:1 Sonja


Innate Abilities, Weirdness & Mutations

You revert to your normal form in water You are very nimble and swift while swimming.
You are very stealthy in the water. (Stealth+)
You tend to lose your temper in combat.


Message History

Sonja is devoured by a tear in reality.
Lugonu claims a new guest.
You feel quite a bit more hungry.
The orc knight unwields a +0 arbalest.
The orc knight wields a +0 great sword.
The orc knight closely misses you.
You are feeling hungry.
You completely miss the orc knight.
The orc knight is moderately wounded.
The orc knight hits you with a +0 great sword!
* * * LOW HITPOINT WARNING * * *
You hit the orc knight. You burn the orc knight.
The orc knight is moderately wounded.
The orc knight hits you with a +0 great sword.
* * * LOW HITPOINT WARNING * * *
You impale the orc knight!! You burn the orc knight!
The orc knight is severely wounded.
The orc knight hits you with a +0 great sword!!
* * * LOW HITPOINT WARNING * * *
You feel much better.
The orc knight hits you with a +0 great sword!!
You die...

).....+...o..
#..............P.
......#.○..○.
#............8.P.
......#..oo..
#....##...P......
......##+##+#
#.....##......∩..
.#....#
#...####.P.......
##....#
#...#.###.....[..
......##
######......#........P
.......#
##.#(.......#...P..P...
......##
#....§@§....#......)...
..#####
##.#..§o(..........##..
### ## # #
##(#.(.......... ##.
.##.. #####(.....#.##
## ....##
##.#..(....... #
####......
#..........#.. #
..$....P..
......#..........
##........
.....#......>....
#......P..
.o...##...K.....#


You could see an orc knight.

Vanquished Creatures
  An orc high priest (Orc:1)
  Nergalle (Lair:2)
  2 orc knights (Orc:2)
  An orc sorcerer (Orc:2)
  3 spiny frogs
  2 centaur skeletons (D:10)
  2 komodo dragons (Lair:3)
  2 trolls
  A hornet (D:10)
  10 blink frogs
  4 hippogriffs
  Sigmund (D:2)
  28 yaks
  4 wyverns
  2 basilisks (Lair:3)
  A steam dragon (D:8)
  5 wargs
  4 water moccasins
  An acid dragon (D:10)
  9 porcupines
  A black bear (D:8)
  A sky beast (D:8)
  12 ogres
  25 orc warriors
  2 ice beasts
  A phantom (D:11)
  5 wolves (Lair:3)
  6 centaurs
  8 crocodiles
  A big kobold (D:10)
  16 bullfrogs
  A gnoll sergeant (D:10)
  3 scorpions
  6 killer bees (D:10)
  3 wights (D:10)
  6 electric eels (D:7)
  2 howler monkeys
  5 lava snakes (D:8)
  4 crimson imps (D:7)
  3 hounds
  A bullfrog zombie (D:7)
  3 jellies (D:8)
  9 orc priests
  2 bullfrog skeletons
  Jessica (D:2)
  14 orc wizards
  4 worker ants
  3 hell rats (Lair:2)
  5 iguanas
  A killer bee zombie (D:10)
  2 hound skeletons
  A worker ant zombie (D:7)
  A howler monkey zombie (D:5)
  Robin (D:4)
  4 gnolls
  3 river rats (Lair:2)
  13 adders
  3 shadow imps
  A worker ant simulacrum (D:8)
  7 oozes
  2 worms
  A dart slug (D:1)
  2 leopard geckos (D:1)
  52 orcs
  A ball python (D:2)
  3 giant cockroaches
  16 goblins
  4 hobgoblins
  14 jackals
  14 kobolds
  3 quokkas
  6 bats
  2 frilled lizards (D:1)
  A jackal skeleton (D:7)
  A leopard gecko zombie (D:7)
  2 quokka skeletons
  10 rats
  A plant (Lair:2)
409 creatures vanquished.

Vanquished Creatures (others)
  2 two-headed ogres
  A quokka skeleton (D:8)
  3 fungi
  2 plants (Lair:3)
8 creatures vanquished.

Grand Total: 417 creatures vanquished

Notes
Turn   | Place    | Note
-------+----------+-------------------------------------------
     0 | Abyss:1  | doot the Merfolk Abyssal Knight began the quest for the
                  | Orb.
     0 | Abyss:1  | Reached XP level 1. HP: 18/18 MP: 2/2
    62 | D:1      | Escaped the Abyss
   117 | D:1      | Reached XP level 2. HP: 15/25 MP: 3/3
   455 | D:1      | Reached XP level 3. HP: 26/30 MP: 4/4
   611 | D:1      | Reached ** piety under Lugonu
  1071 | D:2      | Found a sparkling altar of Nemelex Xobeh.
  1133 | D:2      | Found a radiant altar of Vehumet.
  1133 | D:2      | Noticed Jessica
  1136 | D:2      | Noticed Sigmund
  1411 | D:2      | Killed Jessica
  1411 | D:2      | Reached skill level 4 in Polearms
  1411 | D:2      | Reached skill level 1 in Armour
  1411 | D:2      | Reached XP level 4. HP: 32/37 MP: 5/5
  1970 | D:2      | HP: 1/37 [Sigmund/+0 scythe (11)]
  2842 | D:3      | Noticed Robin
  3204 | D:3      | Reached XP level 5. HP: 34/42 MP: 6/6
  3320 | D:4      | Reached *** piety under Lugonu
  3551 | D:4      | Found a staircase to the Ecumenical Temple.
  3575 | D:4      | Killed Robin
  3680 | Temple   | Entered the Ecumenical Temple
  4230 | D:4      | Reached skill level 5 in Polearms
  4844 | D:4      | Reached XP level 6. HP: 49/49 MP: 7/7
  4991 | D:4      | Reached skill level 1 in Stealth
  5587 | D:2      | Killed Sigmund
  5587 | D:2      | Reached skill level 6 in Polearms
  5587 | D:2      | Reached skill level 5 in Dodging
  5587 | D:2      | Reached XP level 7. HP: 55/55 MP: 9/9
  5664 | D:5      | Entered Level 5 of the Dungeon
  5745 | D:5      | Reached skill level 5 in Fighting
  5830 | D:5      | Reached skill level 7 in Polearms
  5840 | D:5      | Identified the +7 trident "Qopeuw" {freeze, *Contam rN+
                  | Str+7}
  6548 | D:5      | Found Ighabocw's Food Emporium.
  6580 | D:5      | Reached skill level 8 in Polearms
  6777 | D:5      | Learned a level 6 spell: Poison Arrow
  6786 | D:5      | You fall through a shaft for 2 floors!
  6788 | D:7      | Got a polished ring mail
  6809 | D:7      | Reached XP level 8. HP: 38/63 MP: 10/10
  7035 | D:7      | Reached **** piety under Lugonu
  7043 | D:7      | Got a bloodstained hand axe
  7056 | D:7      | Reached skill level 1 in Conjurations
  7328 | D:7      | Reached skill level 9 in Polearms
  7799 | D:7      | Identified the +1 ring mail of Salvation {Int+5} (You found
                  | it on level 7 of the Dungeon)
  8465 | D:7      | Reached skill level 5 in Invocations
  8583 | D:7      | Reached skill level 10 in Polearms
  8583 | D:7      | Reached XP level 9. HP: 69/69 MP: 12/12
  8856 | D:8      | Noticed a two-headed ogre
  9340 | D:8      | Got an encrusted helmet
  9351 | D:8      | Identified the cursed -5 helmet of the Falcon {rC+ MP+9
                  | Slay+3 Stlth-} (You found it on level 8 of the Dungeon)
  9623 | D:8      | Reached skill level 11 in Polearms
  9786 | D:8      | Banished a two-headed ogre
  9936 | D:8      | Reached XP level 10. HP: 72/77 MP: 14/14
 10596 | D:8      | Reached skill level 12 in Polearms
 11358 | D:9      | Reached ***** piety under Lugonu
 11705 | D:10     | Entered Level 10 of the Dungeon
 11803 | D:10     | Reached skill level 13 in Polearms
 11962 | D:10     | Reached XP level 11. HP: 83/86 MP: 16/16
 12187 | D:10     | Noticed a two-headed ogre
 12190 | D:10     | Banished a two-headed ogre
 12363 | D:10     | Reached skill level 5 in Conjurations
 13215 | D:11     | Found a staircase to the Orcish Mines.
 13424 | D:11     | Noticed an ice dragon
 13425 | D:11     | Found the +2 shield of Resistance {rF+ rC+ MR+}
 13425 | D:11     | Found a runed translucent door.
 13425 | D:11     | Found a runed translucent door.
 13427 | D:11     | Noticed an ice dragon
 13427 | D:11     | Noticed a fire dragon
 13428 | D:11     | Noticed a fire dragon
 13442 | D:11     | Reached skill level 14 in Polearms
 13489 | D:11     | Found an iron altar of Okawaru.
 13593 | D:11     | Found a staircase to the Lair.
 13715 | Orc:1    | Entered Level 1 of the Orcish Mines
 13789 | Lair:1   | Entered Level 1 of the Lair of Beasts
 14016 | Lair:1   | Reached skill level 5 in Stealth
 14147 | Lair:1   | Found a large runed translucent door.
 14148 | Lair:1   | Found a large runed translucent door.
 14150 | Lair:1   | Noticed Rhok's ghost (journeyman MfTm)
 14306 | Lair:1   | Noticed an eight-headed hydra
 14306 | Lair:1   | You fall through a shaft!
 14706 | Lair:2   | Reached XP level 12. HP: 73/94 MP: 18/18
 14940 | Lair:2   | Noticed Nergalle
 14964 | Lair:2   | Killed Nergalle
 15454 | Orc:1    | Noticed an orc warlord
 15456 | Orc:1    | Banished an orc warlord
 16285 | Orc:2    | Entered Level 2 of the Orcish Mines
 16470 | Orc:2    | Noticed an orc high priest
 16679 | Orc:1    | Killed an orc high priest
 16679 | Orc:1    | Reached ****** piety under Lugonu
 16890 | Orc:2    | Noticed Sonja
 17065 | Lair:3   | Reached skill level 15 in Polearms
 17210 | Lair:3   | Found a staircase to the Shoals.
 17248 | Lair:3   | Reached skill level 5 in Armour
 17666 | Lair:3   | Reached skill level 10 in Fighting
 18292 | Lair:3   | Reached XP level 13. HP: 103/103 MP: 20/20
 18484 | Lair:3   | Found a runed translucent door.
 18489 | Lair:3   | Noticed Loywebes's ghost (journeyman MiFi)
 18505 | Lair:3   | Reached skill level 10 in Invocations
 19055 | Orc:2    | Found Sumn's Antique Weapon Boutique.
 19065 | Orc:2    | Bought an ancient halberd for 297 gold pieces
 19065 | Orc:2    | Identified the +12 halberd of the Viper {flame, *Drain
                  | +Blink Str+4 Dex+3} (You bought it in a shop on level 2 of
                  | the Orcish Mines)
 19094 | Orc:2    | Gained mutation: You tend to lose your temper in combat.
                  | [mutagenic glow]
 19562 | Orc:2    | Found a staircase to the Elven Halls.
 19619 | Orc:2    | Banished Sonja
 19622 | Orc:2    | HP: 3/104 [orc knight/+0 great sword (18)]
 19623 | Orc:2    | Slain by an orc knight

Skill      XL: |  1  2  3  4  5  6  7  8  9 10 11 12 13 |
---------------+----------------------------------------+-----
Fighting       | 4 5 6 7 8 10 | 10.6
Dodging        | 3 4 5 6 7 8 9 |  9.5
Polearms       | 4 5 6 8 10 11 13 14 15 | 15.4
Armour         | 1 2 3 4 5 |  5.6
Stealth        | 1 2 3 4 5 6 |  6.0
Invocations    | 3 5 6 7 8 9 10 | 10.0
Conjurations   | 2 3 4 5 6 |  6.8

Action                   |  1- 3 |  4- 6 |  7- 9 | 10-12 | 13-15 || total
-------------------------+-------+-------+-------+-------+-------++-------
Melee: Spear             |   110 |   294 |     2 |       |       ||   406
       Tailslap          |       |     5 |     6 |     5 |       ||    16
       Scythe            |       |       |    59 |       |       ||    59
       Trident           |       |       |   196 |   803 |    36 ||  1035
       Halberd           |       |       |       |       |    67 ||    67
Invok: Banish            |       |       |     1 |     4 |     1 ||     6
Evoke: Wand              |       |       |       |     2 |       ||     2
  Use: Potion            |       |     4 |     3 |     2 |     4 ||    13
       Scroll            |       |     1 |     7 |     1 |       ||     9
 Stab: Sleeping          |       |     1 |       |    14 |       ||    15
       Distracted        |       |       |     1 |     4 |       ||     5
  Eat: Chunk             |     1 |    10 |    11 |    21 |     4 ||    47
       Ration            |       |     1 |     1 |     2 |       ||     4
Armor: Leather armour    |    18 |       |       |       |       ||    18
       Robe              |       |    53 |    25 |       |       ||    78
       Skin              |       |    13 |     1 |     6 |       ||    20
       Ring mail         |       |       |     9 |   139 |    12 ||   160
Dodge: Dodged            |    47 |   147 |   141 |   331 |    37 ||   703
